SL
WIZARDING EXPRESS @ CHICAGO GOLD SOX
06/05/2032
 
TOP OF THE 1ST
Wizarding Express batting - Pitching for Chicago Gold Sox : LHP Keisuke Nishida
Pitching: LHP Keisuke Nishida
Batting: RHB Frank Grimes 0-0: Called Strike
0-1: Ground out 4-3 (Groundball, 4)
Batting: LHB José Corona 0-0: Called Strike
0-1: Foul Ball, location: 2F
0-2: Ball
1-2: Strikes out swinging
Batting: RHB Ralph Cranford 0-0: Ball
1-0: Called Strike
1-1: Swinging Strike
1-2: Foul Ball, location: 2F
1-2: Strikes out swinging
Top of the 1st over - 0 runs, 0 hits, 0 errors, 0 left on base; Wizarding 0 - Chicago 0
BOTTOM OF THE 1ST
Chicago Gold Sox batting - Pitching for Wizarding Express : RHP Juan Torres
Pitching: RHP Juan Torres
Batting: LHB Noel Ballard 0-0: Ball
1-0: Ball
2-0: Ball
3-0: Called Strike
3-1: Base on Balls
Batting: RHB Jeb Sexton 0-0: DOUBLE (Line Drive, 8LXD)
Noel Ballard to third
Batting: RHB Norman Winston 0-0: Ball
1-0: Foul Ball, location: 2F
1-1: Foul Ball, location: 2F
1-2: SINGLE (Line Drive, 34D)
Noel Ballard scores
Jeb Sexton to third
Batting: RHB Zeus Preckwinkle 0-0: Ball
1-0: Ball
Norman Winston steals 2nd base
2-0: Swinging Strike
2-1: Called Strike
2-2: Foul Ball, location: 2F
2-2: Strikes out swinging
Batting: SHB Lupo Cotto 0-0: Ball
1-0: Ground out U3 (Groundball, 3)
Batting: LHB Shigenobu Ohayashi 0-0: Ball
1-0: Ball
2-0: Ball
3-0: Called Strike
3-1: Base on Balls
Batting: RHB Manuel Guillama 0-0: TRIPLE (Line Drive, 7D)
Jeb Sexton scores
Norman Winston scores
Shigenobu Ohayashi scores
Batting: RHB Jorge Baker 0-0: Called Strike
0-1: Called Strike
0-2: Ball
1-2: Strikes out looking
Bottom of the 1st over - 4 runs, 3 hits, 0 errors, 1 left on base; Wizarding 0 - Chicago 4
TOP OF THE 2ND
Wizarding Express batting - Pitching for Chicago Gold Sox : LHP Keisuke Nishida
Batting: RHB Paul Penrice 0-0: Ball
1-0: Foul Ball, location: 2F
1-1: Ground out 5-3 (Groundball, 56)
Batting: LHB Nathan Tanner 0-0: Ball
1-0: Called Strike
1-1: Called Strike
1-2: Ball
2-2: Ball
3-2: Ground out 4-3 (Groundball, 34D)
Batting: RHB Gustavo Mateo 0-0: Fly out, F9 (Flyball, 89S)
Top of the 2nd over - 0 runs, 0 hits, 0 errors, 0 left on base; Wizarding 0 - Chicago 4
BOTTOM OF THE 2ND
Chicago Gold Sox batting - Pitching for Wizarding Express : RHP Juan Torres
Batting: LHB Sergio Rodríguez 0-0: Fly out, F3 (Popup, 3SF)
Batting: LHB Noel Ballard 0-0: Ball
1-0: Ball
2-0: Ball
3-0: Base on Balls
Batting: RHB Jeb Sexton 0-0: Fly out, F6 (Popup, 6MS)
Batting: RHB Norman Winston 0-0: Called Strike
0-1: Ball
1-1: Swinging Strike
1-2: Foul Ball, location: 2F
1-2: Ball
2-2: Ground out 4-3 (Groundball, 4)
Bottom of the 2nd over - 0 runs, 0 hits, 0 errors, 1 left on base; Wizarding 0 - Chicago 4
TOP OF THE 3RD
Wizarding Express batting - Pitching for Chicago Gold Sox : LHP Keisuke Nishida
Batting: SHB Salvador Trevino 0-0: Ball
1-0: Fly out, F4 (Flyball, 34D)
Batting: LHB Cris Gonzáles 0-0: Ball
1-0: Foul Ball, location: 2F
1-1: Ball
2-1: Ball
3-1: Called Strike
3-2: Base on Balls
Batting: SHB Jake Richardson 0-0: Called Strike
0-1: Swinging Strike
0-2: Strikes out swinging
Batting: RHB Frank Grimes 0-0: Ball
1-0: Foul Ball, location: 2F
1-1: Called Strike
1-2: Strikes out swinging
Top of the 3rd over - 0 runs, 0 hits, 0 errors, 1 left on base; Wizarding 0 - Chicago 4
BOTTOM OF THE 3RD
Chicago Gold Sox batting - Pitching for Wizarding Express : RHP Juan Torres
Batting: RHB Zeus Preckwinkle 0-0: SOLO HOME RUN (Flyball, 9D), Distance : 376 ft
Batting: SHB Lupo Cotto 0-0: Swinging Strike
0-1: Ball
1-1: Ball
2-1: Ball
3-1: Base on Balls
Batting: LHB Shigenobu Ohayashi 0-0: Ball
1-0: Grounds out, U3 (Groundball, 3L)
Batting: RHB Manuel Guillama 0-0: Called Strike
Throwing error on steal attempt, E2
Lupo Cotto scores
0-1: Foul Ball, location: 2F
0-2: Ball
1-2: Strikes out swinging
Batting: RHB Jorge Baker 0-0: Ball
1-0: Ball
2-0: Called Strike
2-1: Called Strike
2-2: Strikes out looking
Bottom of the 3rd over - 2 runs, 1 hit, 1 error, 0 left on base; Wizarding 0 - Chicago 6
TOP OF THE 4TH
Wizarding Express batting - Pitching for Chicago Gold Sox : LHP Keisuke Nishida
Batting: LHB José Corona 0-0: Called Strike
0-1: Ball
1-1: Foul Ball, location: 2F
1-2: Ball
2-2: Fly out, F8 (Flyball, 89D)
Batting: RHB Ralph Cranford 0-0: Called Strike
0-1: Fly out, F8 (Line Drive, 78D)
Batting: RHB Paul Penrice 0-0: Ball
1-0: Ball
2-0: Called Strike
2-1: Foul Ball, location: 2F
2-2: Foul Ball, location: 2F
2-2: SINGLE (Line Drive, 5)
Batting: LHB Nathan Tanner 0-0: Called Strike
0-1: Ball
1-1: Foul Ball, location: 2F
1-2: Ball
2-2: Ball
3-2: Base on Balls
Paul Penrice to second
Batting: RHB Gustavo Mateo 0-0: Ball
1-0: Swinging Strike
1-1: Called Strike
1-2: Ball
2-2: Fielders Choice at 2nd, 6-4 (Groundball, 6)
Top of the 4th over - 0 runs, 1 hit, 0 errors, 2 left on base; Wizarding 0 - Chicago 6
BOTTOM OF THE 4TH
Chicago Gold Sox batting - Pitching for Wizarding Express : RHP Juan Torres
Batting: LHB Sergio Rodríguez 0-0: Ball
1-0: SINGLE (Line Drive, 34)
Batting: LHB Noel Ballard 0-0: Foul Ball, location: 2F
0-1: Called Strike
Sergio Rodríguez steals 2nd base
0-2: Ball
1-2: Foul Ball, location: 2F
1-2: Foul Ball, location: 2F
1-2: Ball
2-2: Foul Ball, location: 2F
2-2: Ball
3-2: SINGLE (Line Drive, 7LS)
Sergio Rodríguez to third
Runner from 3rd tries for Home, SAFE, no throw
Batting: RHB Jeb Sexton 0-0: Ball
1-0: Ground out 5-3 (Groundball, 2L)
Noel Ballard to second
Batting: RHB Norman Winston 0-0: Foul Ball, location: 2F
0-1: Ball
1-1: Ball
2-1: Fly out, F9 (Flyball, 9LSF)
Batting: RHB Zeus Preckwinkle 0-0: Foul Ball, location: 2F
0-1: Ball
1-1: 2-RUN HOME RUN (Flyball, 7LD), Distance : 353 ft
Batting: SHB Lupo Cotto 0-0: DOUBLE (Groundball, 3L)
Batting: LHB Shigenobu Ohayashi 0-0: Called Strike
0-1: Ball
1-1: Foul Ball, location: 2F
1-2: Ball
2-2: Ball
3-2: Fly out, F3 (Line Drive, 3)
Bottom of the 4th over - 3 runs, 4 hits, 0 errors, 1 left on base; Wizarding 0 - Chicago 9
TOP OF THE 5TH
Wizarding Express batting - Pitching for Chicago Gold Sox : LHP Keisuke Nishida
Batting: SHB Salvador Trevino 0-0: Fly out, F8 (Flyball, 8LXD)
Batting: LHB Cris Gonzáles 0-0: Foul Ball, location: 2F
0-1: Swinging Strike
0-2: Strikes out swinging
Batting: SHB Jake Richardson 0-0: Called Strike
0-1: Swinging Strike
0-2: Ball
1-2: Strikes out looking
Top of the 5th over - 0 runs, 0 hits, 0 errors, 0 left on base; Wizarding 0 - Chicago 9
BOTTOM OF THE 5TH
Chicago Gold Sox batting - Pitching for Wizarding Express : RHP Juan Torres
Batting: RHB Manuel Guillama 0-0: Ball
1-0: Foul Ball, location: 2F
1-1: SINGLE (Line Drive, 56)
Batting: RHB Jorge Baker 0-0: Called Strike
0-1: Ball
1-1: Called Strike
1-2: Grounds into double play, 1-6-3 (Groundball, 13S)
Batting: LHB Sergio Rodríguez 0-0: Swinging Strike
0-1: Ball
1-1: Foul Ball, location: 2F
1-2: Foul Ball, location: 2F
1-2: Ball
2-2: Fly out, F8 (Flyball, 8RXD)
Bottom of the 5th over - 0 runs, 1 hit, 0 errors, 0 left on base; Wizarding 0 - Chicago 9
TOP OF THE 6TH
Wizarding Express batting - Pitching for Chicago Gold Sox : LHP Keisuke Nishida
Batting: RHB Frank Grimes 0-0: Ball
1-0: Called Strike
1-1: Foul Ball, location: 2F
1-2: Fly out, F7 (Flyball, 78S)
Batting: LHB José Corona 0-0: Ball
1-0: Called Strike
1-1: Foul Ball, location: 2F
1-2: SINGLE (Groundball, 6MD)
Batting: RHB Ralph Cranford 0-0: Called Strike
0-1: Swinging Strike
0-2: Ball
José Corona steals 2nd base
1-2: Fly out, F7 (Flyball, 7LMF)
Batting: RHB Paul Penrice 0-0: Ball
1-0: Ball
2-0: Fly out, F8 (Flyball, 8RM)
Top of the 6th over - 0 runs, 1 hit, 0 errors, 1 left on base; Wizarding 0 - Chicago 9
BOTTOM OF THE 6TH
Chicago Gold Sox batting - Pitching for Wizarding Express : RHP Juan Torres
Batting: LHB Noel Ballard 0-0: Ball
1-0: Ball
2-0: Foul Ball, location: 2F
2-1: Ball
3-1: Base on Balls
Batting: RHB Jeb Sexton 0-0: DOUBLE (Flyball, 78XD)
Noel Ballard to third
Runner from 3rd tries for Home, SAFE, no throw
Batting: RHB Norman Winston 0-0: Called Strike
Jeb Sexton is caught stealing 3rd base
0-1: Called Strike
0-2: Ball
1-2: Ball
2-2: Foul Ball, location: 2F
2-2: Fly out, F8 (Flyball, 8RD)
Batting: RHB Zeus Preckwinkle 0-0: Called Strike
0-1: Ball
1-1: Ball
2-1: Ball
3-1: Base on Balls
Pitching: RHP Marv Bradford
Batting: SHB Lupo Cotto 0-0: Ball
1-0: Ball
2-0: Ball
3-0: Fly out, F7 (Flyball, 7)
Bottom of the 6th over - 1 run, 1 hit, 0 errors, 1 left on base; Wizarding 0 - Chicago 10
TOP OF THE 7TH
Wizarding Express batting - Pitching for Chicago Gold Sox : LHP Keisuke Nishida
Batting: LHB Nathan Tanner 0-0: Called Strike
0-1: Ball
1-1: Foul Ball, location: 2F
1-2: Ball
2-2: Ball
3-2: Foul Ball, location: 2F
3-2: Strikes out swinging
Batting: RHB Gustavo Mateo 0-0: Called Strike
0-1: Ball
1-1: Ball
2-1: Foul Ball, location: 2F
2-2: Ball
3-2: Foul Ball, location: 2F
3-2: Foul Ball, location: 2F
3-2: Strikes out looking
Batting: SHB Salvador Trevino 0-0: Called Strike
0-1: Ground out 4-3 (Groundball, 4)
Top of the 7th over - 0 runs, 0 hits, 0 errors, 0 left on base; Wizarding 0 - Chicago 10
BOTTOM OF THE 7TH
Chicago Gold Sox batting - Pitching for Wizarding Express : RHP Marv Bradford
Batting: LHB Shigenobu Ohayashi 0-0: Called Strike
0-1: Foul Ball, location: 2F
0-2: Ball
1-2: Ball
2-2: Foul Ball, location: 2F
2-2: Strikes out swinging
Batting: RHB Manuel Guillama 0-0: Ball
1-0: Called Strike
1-1: Called Strike
1-2: Foul Ball, location: 2F
1-2: Foul Ball, location: 2F
1-2: Foul Ball, location: 2F
1-2: Strikes out looking
Batting: RHB Jorge Baker 0-0: Called Strike
0-1: Ball
1-1: Ball
2-1: Swinging Strike
2-2: Ball
3-2: Base on Balls
Batting: LHB Sergio Rodríguez 0-0: Swinging Strike
0-1: Foul Ball, location: 2F
0-2: Foul Ball, location: 2F
0-2: Ball
1-2: Strikes out swinging
Bottom of the 7th over - 0 runs, 0 hits, 0 errors, 1 left on base; Wizarding 0 - Chicago 10
TOP OF THE 8TH
Wizarding Express batting - Pitching for Chicago Gold Sox : LHP Keisuke Nishida
Batting: LHB Cris Gonzáles 0-0: Ball
1-0: Ball
2-0: Ball
3-0: Called Strike
3-1: Foul Ball, location: 2F
3-2: Strikes out looking
Batting: SHB Jake Richardson 0-0: Ball
1-0: Ball
2-0: Ball
3-0: Called Strike
3-1: Swinging Strike
3-2: Strikes out looking
Batting: RHB Frank Grimes 0-0: Called Strike
0-1: Foul Ball, location: 2F
0-2: Foul Ball, location: 2F
0-2: Strikes out swinging
Top of the 8th over - 0 runs, 0 hits, 0 errors, 0 left on base; Wizarding 0 - Chicago 10
BOTTOM OF THE 8TH
Chicago Gold Sox batting - Pitching for Wizarding Express : RHP Marv Bradford
Batting: LHB Noel Ballard 0-0: Ball
1-0: Called Strike
1-1: Called Strike
1-2: Strikes out swinging
Batting: RHB Jeb Sexton 0-0: Called Strike
0-1: Ball
1-1: Ball
2-1: Ball
3-1: Base on Balls
Batting: RHB Norman Winston 0-0: Called Strike
0-1: Ball
1-1: Foul Ball, location: 2F
1-2: Ground out 6-3 (Groundball, 56)
Jeb Sexton to second
Batting: RHB Zeus Preckwinkle 0-0: Ball
1-0: Ball
2-0: Foul Ball, location: 2F
2-1: Ball
3-1: Base on Balls
Batting: SHB Lupo Cotto 0-0: Called Strike
0-1: Foul Ball, location: 2F
0-2: Ball
1-2: Foul Ball, location: 2F
1-2: Foul Ball, location: 2F
1-2: Foul Ball, location: 2F
1-2: Ball
2-2: Foul Ball, location: 2F
2-2: Foul Ball, location: 2F
2-2: Foul Ball, location: 2F
2-2: Foul Ball, location: 2F
2-2: Ball
3-2: Foul Ball, location: 2F
3-2: Foul Ball, location: 2F
3-2: Foul Ball, location: 2F
3-2: Fly out, F5 (Popup, 15)
Bottom of the 8th over - 0 runs, 0 hits, 0 errors, 2 left on base; Wizarding 0 - Chicago 10
TOP OF THE 9TH
Wizarding Express batting - Pitching for Chicago Gold Sox : LHP Keisuke Nishida
Batting: LHB José Corona 0-0: Foul Ball, location: 2F
0-1: Called Strike
0-2: Strikes out swinging
Batting: RHB Ralph Cranford 0-0: Ball
1-0: Swinging Strike
1-1: Ball
2-1: SOLO HOME RUN (Flyball, 7D), Distance : 396 ft
Batting: RHB Paul Penrice 0-0: Ball
1-0: Ball
2-0: Fly out, F9 (Flyball, 89D)
Batting: LHB Nathan Tanner 0-0: Ball
1-0: Ball
2-0: Called Strike
2-1: Ball
3-1: Ground out 3-1 (Groundball, 34)
Top of the 9th over - 1 run, 1 hit, 0 errors, 0 left on base; Wizarding 1 - Chicago 10
Wednesday, September 19th, 2018 - OOTP Baseball 18.8 Build 76